[ AOE2 MATCH · #506715703 ]
UnrankedTeutons vs Teutons
Player's team · WIN
Rival team · LOSS
[ REPLAY ANALYSIS · EXTRACTED FROM THE RECORDED GAME ]
Feudal
15:35
Castle
26:00
Imperial
—
| APM avg | 20.9 |
| APM peak | 43 |
| eAPM avg | 13.6 |
| Villagers / military | 58 / 5 |
Focus
⚔️ 19.0% · 🌾 81.0%
Knight ×5
Feudal
17:30
Castle
—
Imperial
—
| APM avg | 27.6 |
| APM peak | 51 |
| eAPM avg | 18.2 |
| Villagers / military | 49 / 0 |
Focus
⚔️ 28.9% · 🌾 71.1%
Match map
Initial resources + every placement click. Lines = walls · curves = elevation contours. ◆ gold · ⬟ stone · ● berries · ✦ relic · ◌ wall gap
Your base· Open — opponent sealed themselves in
Lord_calderon's base· ✓ Closed at 12:00 · 19t walls · no gate
Smoothed initial terrain · ◌ = detected wall gap · hover for details
Inputs per minute
— Jazzmushroom - - Lord_calderon
Build order — Jazzmushroom
117 actions detected in the replay
| 0:00 | Queue | Villager (Male) |
| 0:01 | Queue | Villager (Male) |
| 0:01 | Queue | Villager (Male) |
| 0:02 | Build | House |
| 0:04 | Build | House |
| 0:22 | Research | Loom |
| 0:42 | Queue | Villager (Male) |
| 0:43 | Queue | Villager (Male) |
| 1:22 | Queue | Villager (Male) |
| 1:22 | Queue | Villager (Male) |
| 2:37 | Build | Palisade Wall |
| 3:00 | Queue | Villager (Male) |
| 3:00 | Queue | Villager (Male) |
| 3:00 | Queue | Villager (Male) |
| 3:56 | Queue | Villager (Male) |
| 3:56 | Queue | Villager (Male) |
| 4:41 | Queue | Villager (Male) |
| 4:41 | Queue | Villager (Male) |
| 5:07 | Queue | Villager (Male) |
| 5:07 | Queue | Villager (Male) |
| 5:39 | Queue | Villager (Male) |
| 5:39 | Queue | Villager (Male) |
| 6:09 | Queue | Villager (Male) |
| 6:09 | Queue | Villager (Male) |
| 6:38 | Build | House |
| 6:40 | Queue | Villager (Male) |
| 6:40 | Queue | Villager (Male) |
| 7:00 | Queue | Villager (Male) |
| 7:01 | Queue | Villager (Male) |
| 7:05 | Build | House |
| 7:10 | Build | Lumber Camp |
| 8:00 | Queue | Villager (Male) |
| 8:00 | Queue | Villager (Male) |
| 8:16 | Queue | Villager (Male) |
| 8:32 | Queue | Villager (Male) |
| 8:32 | Queue | Villager (Male) |
| 8:44 | Build | House |
| 9:22 | Queue | Villager (Male) |
| 9:22 | Queue | Villager (Male) |
| 9:44 | Queue | Villager (Male) |
| 10:11 | Queue | Villager (Male) |
| 10:13 | Build | House |
| 10:52 | Queue | Villager (Male) |
| 11:21 | Queue | Villager (Male) |
| 11:29 | Build | Mill |
| 11:44 | Build | Mill |
| 11:46 | Queue | Villager (Male) |
| 12:33 | Queue | Villager (Male) |
| 12:35 | Build | House |
| 12:37 | Build | House |
| 12:48 | Queue | Villager (Male) |
| 12:52 | Build | Mining Camp |
| 13:19 | Research | Feudal Age |
| 14:10 | Build | Mining Camp |
| 14:29 | Queue | Villager (Male) |
| 14:29 | Queue | Villager (Male) |
| 14:30 | Queue | Villager (Male) |
| 15:05 | Queue | Villager (Male) |
| 15:35 | Age | Feudal Age |
| 15:36 | Build | Watch Tower |
| 15:45 | Build | Blacksmith |
| 16:20 | Queue | Villager (Male) |
| 16:39 | Research | Fletching |
| 16:44 | Research | Double-Bit Axe |
| 17:06 | Build | Watch Tower |
| 17:24 | Research | Horse Collar |
| 17:27 | Queue | Villager (Male) |
| 18:19 | Queue | Villager (Male) |
| 18:20 | Queue | Villager (Male) |
| 18:27 | Build | Farm |
| 18:27 | Build | Farm |
| 18:27 | Build | Farm |
| 18:27 | Build | Farm |
| 18:28 | Build | Farm |
| 18:38 | Build | Farm |
| 18:39 | Build | Farm |
| 18:39 | Build | Farm |
| 18:39 | Build | Farm |
| 19:18 | Build | Watch Tower |
| 19:23 | Queue | Villager (Male) |
| 19:24 | Queue | Villager (Male) |
| 19:29 | Build | Farm |
| 19:29 | Build | Farm |
| 19:29 | Build | Farm |
| 19:29 | Build | Farm |
| 19:30 | Build | Farm |
| 19:30 | Build | Farm |
| 19:35 | Build | House |
| 19:38 | Build | House |
| 19:42 | Queue | Villager (Male) |
| 19:56 | Build | House |
| 21:15 | Queue | Villager (Male) |
| 21:15 | Queue | Villager (Male) |
| 21:15 | Queue | Villager (Male) |
| 21:16 | Queue | Villager (Male) |
| 21:17 | Queue | Villager (Male) |
| 21:40 | Queue | Villager (Male) |
| 21:40 | Queue | Villager (Male) |
| 22:18 | Queue | Villager (Male) |
| 22:23 | Build | Market |
| 22:55 | Queue | Villager (Male) |
| 22:58 | Build | Farm |
| 23:02 | Build | Farm |
| 23:16 | Research | Castle Age |
| 23:23 | Research | Stone Mining |
| 23:27 | Build | Farm |
| 23:34 | Research | Gold Mining |
| 24:43 | Build | Barracks |
| 25:15 | Build | Stable |
| 25:22 | Build | Stable |
| 25:24 | Research | Scale Barding Armor |
| 26:00 | Age | Castle Age |
| 26:06 | Queue | Knight |
| 26:06 | Queue | Knight |
| 26:06 | Queue | Knight |
| 26:07 | Queue | Knight |
| 26:27 | Queue | Knight |
Build order — Lord_calderon
113 actions detected in the replay
| 0:02 | Queue | Villager (Male) |
| 0:02 | Queue | Villager (Male) |
| 0:02 | Queue | Villager (Male) |
| 0:03 | Queue | Villager (Male) |
| 0:07 | Build | House |
| 0:16 | Research | Loom |
| 0:35 | Build | Palisade Wall |
| 0:36 | Build | Palisade Wall |
| 0:37 | Build | Palisade Wall |
| 0:41 | Build | Palisade Wall |
| 0:42 | Build | Palisade Wall |
| 1:19 | Queue | Villager (Male) |
| 1:19 | Queue | Villager (Male) |
| 1:19 | Queue | Villager (Male) |
| 1:48 | Build | Palisade Wall |
| 2:31 | Queue | Villager (Male) |
| 2:32 | Queue | Villager (Male) |
| 3:25 | Build | Palisade Wall |
| 3:52 | Queue | Villager (Male) |
| 4:45 | Build | House |
| 4:48 | Build | House |
| 5:12 | Build | Palisade Wall |
| 5:13 | Build | Palisade Wall |
| 5:13 | Build | Palisade Wall |
| 5:14 | Build | Palisade Wall |
| 5:14 | Build | Palisade Wall |
| 5:14 | Build | Palisade Wall |
| 5:14 | Build | Palisade Wall |
| 5:15 | Build | Palisade Wall |
| 5:54 | Queue | Villager (Male) |
| 6:32 | Queue | Villager (Male) |
| 7:15 | Queue | Villager (Male) |
| 7:51 | Queue | Villager (Male) |
| 7:52 | Queue | Villager (Male) |
| 7:52 | Queue | Villager (Male) |
| 8:13 | Queue | Villager (Male) |
| 9:13 | Queue | Villager (Male) |
| 9:14 | Queue | Villager (Male) |
| 9:14 | Queue | Villager (Male) |
| 10:21 | Queue | Villager (Male) |
| 10:24 | Queue | Villager (Male) |
| 10:24 | Queue | Villager (Male) |
| 10:32 | Build | House |
| 11:19 | Build | Lumber Camp |
| 11:55 | Queue | Villager (Male) |
| 12:21 | Queue | Villager (Male) |
| 12:49 | Queue | Villager (Male) |
| 12:54 | Build | House |
| 13:04 | Queue | Villager (Male) |
| 13:15 | Build | Mill |
| 13:20 | Queue | Villager (Male) |
| 13:40 | Queue | Villager (Male) |
| 14:04 | Build | Mill |
| 14:15 | Queue | Villager (Male) |
| 14:38 | Build | House |
| 15:07 | Research | Feudal Age |
| 15:21 | Build | Mining Camp |
| 15:53 | Build | Palisade Wall |
| 15:54 | Build | Palisade Wall |
| 15:54 | Build | Palisade Wall |
| 15:55 | Build | Palisade Wall |
| 16:42 | Build | House |
| 16:43 | Build | House |
| 16:45 | Build | House |
| 16:58 | Queue | Villager (Male) |
| 17:19 | Build | Palisade Wall |
| 17:28 | Queue | Villager (Male) |
| 17:30 | Age | Feudal Age |
| 18:10 | Build | Watch Tower |
| 18:14 | Queue | Villager (Male) |
| 18:17 | Queue | Villager (Male) |
| 18:17 | Queue | Villager (Male) |
| 18:18 | Queue | Villager (Male) |
| 18:27 | Build | House |
| 18:30 | Build | Palisade Wall |
| 19:01 | Build | House |
| 19:07 | Research | Double-Bit Axe |
| 19:07 | Research | Double-Bit Axe |
| 19:31 | Build | House |
| 19:37 | Queue | Villager (Male) |
| 19:55 | Build | Blacksmith |
| 20:28 | Queue | Villager (Male) |
| 20:51 | Research | Fletching |
| 20:51 | Queue | Villager (Male) |
| 20:52 | Queue | Villager (Male) |
| 20:52 | Queue | Villager (Male) |
| 21:11 | Queue | Villager (Male) |
| 21:19 | Queue | Villager (Male) |
| 21:33 | Queue | Villager (Male) |
| 21:35 | Build | Farm |
| 21:35 | Build | Farm |
| 21:35 | Build | Farm |
| 21:36 | Build | Farm |
| 21:36 | Build | Farm |
| 21:50 | Queue | Villager (Male) |
| 22:12 | Build | Farm |
| 22:13 | Build | Farm |
| 22:13 | Build | Farm |
| 22:39 | Build | Watch Tower |
| 22:50 | Queue | Villager (Male) |
| 22:53 | Build | Farm |
| 22:53 | Build | Farm |
| 22:53 | Build | Farm |
| 23:16 | Queue | Villager (Male) |
| 23:33 | Build | House |
| 24:08 | Build | Mining Camp |
| 24:24 | Queue | Villager (Male) |
| 24:42 | Queue | Villager (Male) |
| 25:00 | Research | Horse Collar |
| 25:12 | Build | Barracks |
| 25:36 | Build | Palisade Wall |
| 26:04 | Build | House |
| 26:08 | Build | House |
Match timeline
| 0:35 | Lord_calderon · wall_segment Palisade Wall x3 |
| 0:36 | Lord_calderon · wall_segment Palisade Wall x1 |
| 0:37 | Lord_calderon · wall_segment Palisade Wall x1 |
| 0:41 | Lord_calderon · wall_segment Palisade Wall x2 |
| 0:42 | Lord_calderon · wall_segment Palisade Wall x4 |
| 1:48 | Lord_calderon · wall_segment Palisade Wall x1 |
| 2:37 | Jazzmushroom · wall_segment Palisade Wall x1 |
| 3:25 | Lord_calderon · wall_segment Palisade Wall x3 |
| 5:12 | Lord_calderon · wall_segment Palisade Wall x1 |
| 5:13 | Lord_calderon · wall_segment Palisade Wall x1 |
| 5:13 | Lord_calderon · wall_segment Palisade Wall x1 |
| 5:14 | Lord_calderon · wall_segment Palisade Wall x2 |
| 5:14 | Lord_calderon · wall_segment Palisade Wall x1 |
| 5:14 | Lord_calderon · wall_segment Palisade Wall x2 |
| 5:14 | Lord_calderon · wall_segment Palisade Wall x2 |
| 5:15 | Lord_calderon · wall_segment Palisade Wall x1 |
| 15:35 | Jazzmushroom · age_up feudal |
| 15:53 | Lord_calderon · wall_segment Palisade Wall x4 |
| 15:54 | Lord_calderon · wall_segment Palisade Wall x2 |
| 15:54 | Lord_calderon · wall_segment Palisade Wall x2 |
| 15:55 | Lord_calderon · wall_segment Palisade Wall x3 |
| 17:19 | Lord_calderon · wall_segment Palisade Wall x7 |
| 17:30 | Lord_calderon · age_up feudal |
| 18:30 | Lord_calderon · wall_segment Palisade Wall x1 |
| 24:07 | Jazzmushroom · first_market_sell 100 wood |
| 24:08 | Jazzmushroom · first_market_buy 100 stone |
| 24:43 | Jazzmushroom · first_building Barracks |
| 25:12 | Lord_calderon · first_building Barracks |
| 25:15 | Jazzmushroom · first_building Stable |
| 25:36 | Lord_calderon · wall_segment Palisade Wall x1 |
| 26:00 | Jazzmushroom · age_up castle |
| 26:30 | Lord_calderon · resign |
[ AI ANALYSIS · 1 CREDIT ]
What really happened in this match?
Wolo.gg analyzes every decision: build order, eco, micro, common mistakes by bracket. Personalized analysis on WhatsApp or Discord in 30 seconds.
Civ guide
Teutons
Perfil
Jugador #23542072